MAA
SAN BERNARDINO GRASSHOPPERS @ VIRGINIA BEACH DEUCES
08/22/2018
 
TOP OF THE 1ST
San Bernardino Grasshoppers batting - Pitching for Virginia Beach Deuces : RHP Ramón Vázquez
Pitching: RHP Ramón Vázquez
Batting: RHB Shawn Hicks 0-0: Fly out, F3 (Popup, 3F)
Batting: RHB Sergio García 0-0: Ball
1-0: Ball
2-0: Ball
3-0: Base on Balls
Batting: LHB Barton McCann 0-0: SINGLE (Line Drive, 7S)
Sergio García to second
Batting: RHB Reggie Kahn 0-0: Foul Ball, location: 2F
0-1: Fielders Choice at 2nd, 1-6 (Groundball, 25)
Sergio García to third
Batting: RHB Dave Nichols 0-0: Ball
1-0: Ball
2-0: Called Strike
2-1: Ball
3-1: Foul Ball, location: 2F
3-2: Foul Ball, location: 2F
3-2: Foul Ball, location: 2F
3-2: Base on Balls
Reggie Kahn to second
Batting: RHB Chris Smith 0-0: Called Strike
0-1: Foul Ball, location: 2F
0-2: Hit by Pitch
Sergio García scores
Reggie Kahn to third
Dave Nichols to second
Batting: RHB Jason Weston 0-0: Ball
1-0: Ground out 4-3 (Groundball, 4)
Top of the 1st over - 1 run(s), 1 hit(s), 0 error(s), 3 left on base; San Bernardino 1 - Virginia Beach 0
BOTTOM OF THE 1ST
Virginia Beach Deuces batting - Pitching for San Bernardino Grasshoppers : LHP Pedro Alejándrez
Pitching: LHP Pedro Alejándrez
Batting: RHB Joel Frazier 0-0: Called Strike
0-1: Called Strike
0-2: Foul Ball, location: 2F
0-2: Strikes out swinging
Batting: RHB Scott Miller 0-0: Ball
1-0: Foul Ball, location: 2F
1-1: SINGLE (Line Drive, 78S)
Batting: RHB Travis Brumback 0-0: Ball
1-0: Ball
Scott Miller is caught stealing 2nd base
2-0: Foul Ball, location: 2F
2-1: SINGLE (Groundball, 6M)
Batting: LHB Álex Burgos 0-0: Called Strike
0-1: Ball
1-1: Called Strike
1-2: Foul Ball, location: 2F
1-2: Foul Ball, location: 2F
1-2: Ball
2-2: Ball
3-2: Strikes out swinging
Bottom of the 1st over - 0 run(s), 2 hit(s), 0 error(s), 1 left on base; San Bernardino 1 - Virginia Beach 0
TOP OF THE 2ND
San Bernardino Grasshoppers batting - Pitching for Virginia Beach Deuces : RHP Ramón Vázquez
Batting: RHB Iván Miranda 0-0: Called Strike
0-1: Ball
1-1: Bunted foul
1-2: Foul Ball, location: 2F
1-2: Ball
2-2: Foul Ball, location: 2F
2-2: Foul Ball, location: 2F
2-2: Ball
3-2: SINGLE (Groundball, 56D)
Batting: RHB Justin Roberts 0-0: Called Strike
0-1: Ball
Iván Miranda steals 2nd base
1-1: Ball
2-1: Foul Ball, location: 2F
2-2: Fly out, F7 (Line Drive, 78S)
Batting: RHB Shawn Hicks 0-0: Ball
1-0: Ground out 5-3 (Groundball, 56)
Batting: RHB Sergio García 0-0: Fly out, F7 (Flyball, 78M)
Top of the 2nd over - 0 run(s), 1 hit(s), 0 error(s), 1 left on base; San Bernardino 1 - Virginia Beach 0
BOTTOM OF THE 2ND
Virginia Beach Deuces batting - Pitching for San Bernardino Grasshoppers : LHP Pedro Alejándrez
Batting: SHB Daryl Lloyd 0-0: DOUBLE (Line Drive, 7LM)
Batting: RHB Álex Escobar 0-0: Ball
1-0: SINGLE (Flyball, 8LS)
Daryl Lloyd to third
Batting: RHB Armando Hernández 0-0: Ball
1-0: Called Strike
1-1: Ball
2-1: Ball
3-1: Foul Ball, location: 2F
3-2: SINGLE (Flyball, 8LS)
Daryl Lloyd scores
Álex Escobar to second
Runner from 2nd tries for 3rd, SAFE, throw made to third
Batting: RHB Orlando Sánchez 0-0: Ball
1-0: Called Strike
1-1: Called Strike
1-2: Ball
2-2: SINGLE (Line Drive, 89S)
Álex Escobar scores
Armando Hernández to second
Batting: RHB Carl Carlson 0-0: Called Strike
0-1: Called Strike
0-2: Foul Ball, location: 2F
0-2: Ball
1-2: Ball
2-2: Strikes out swinging
Batting: RHB Joel Frazier 0-0: Swinging Strike
0-1: Ball
1-1: Foul Ball, location: 2F
1-2: Foul Ball, location: 2F
1-2: Foul Ball, location: 2F
1-2: Ball
2-2: Foul Ball, location: 2F
2-2: Strikes out looking
Batting: RHB Scott Miller 0-0: Ball
1-0: Ball
2-0: Ball
3-0: Called Strike
3-1: Fielders Choice at 2nd, 6-4 (Groundball, 6)
Bottom of the 2nd over - 2 run(s), 4 hit(s), 0 error(s), 1 left on base; San Bernardino 1 - Virginia Beach 2
TOP OF THE 3RD
San Bernardino Grasshoppers batting - Pitching for Virginia Beach Deuces : RHP Ramón Vázquez
Batting: LHB Barton McCann 0-0: Called Strike
0-1: Ball
1-1: SINGLE (Line Drive, 34)
Batting: RHB Reggie Kahn 0-0: Called Strike
0-1: Called Strike
0-2: Foul Ball, location: 2F
0-2: SINGLE (Groundball, 6MD)
Barton McCann to second
Batting: RHB Dave Nichols 0-0: Called Strike
0-1: Called Strike
0-2: Ball
1-2: Strikes out looking
Batting: RHB Chris Smith 0-0: Foul Ball, location: 2F
0-1: Ball
1-1: Swinging Strike
1-2: Foul Ball, location: 2F
1-2: Fly out, F7 (Flyball, 78M)
Batting: RHB Jason Weston 0-0: Ball
1-0: Swinging Strike
1-1: Foul Ball, location: 2F
1-2: Ball
2-2: Fly out, F7 (Flyball, 7M)
Top of the 3rd over - 0 run(s), 2 hit(s), 0 error(s), 2 left on base; San Bernardino 1 - Virginia Beach 2
BOTTOM OF THE 3RD
Virginia Beach Deuces batting - Pitching for San Bernardino Grasshoppers : LHP Pedro Alejándrez
Batting: RHB Travis Brumback 0-0: Ball
1-0: Ball
2-0: Ball
3-0: Called Strike
3-1: Called Strike
3-2: Foul Ball, location: 2F
3-2: Fly out, F7 (Flyball, 7D)
Batting: LHB Álex Burgos 0-0: Called Strike
0-1: Swinging Strike
0-2: Ball
1-2: Strikes out swinging
Batting: SHB Daryl Lloyd 0-0: Foul Ball, location: 2F
0-1: Ball
1-1: Ball
2-1: Called Strike
2-2: Foul Ball, location: 2F
2-2: SINGLE (Line Drive, 7S)
Batting: RHB Álex Escobar 0-0: Ball
1-0: SINGLE (Flyball, 7LM)
Daryl Lloyd to second
Batting: RHB Armando Hernández 0-0: Ball
Wild Pitch!
Daryl Lloyd to third
Álex Escobar to second
1-0: Ball
2-0: Ball
3-0: Base on Balls
Batting: RHB Orlando Sánchez 0-0: Swinging Strike
0-1: Called Strike
0-2: Ball
1-2: Ground out 3-1 (Groundball, 34)
Bottom of the 3rd over - 0 run(s), 2 hit(s), 0 error(s), 3 left on base; San Bernardino 1 - Virginia Beach 2
TOP OF THE 4TH
San Bernardino Grasshoppers batting - Pitching for Virginia Beach Deuces : RHP Ramón Vázquez
Batting: RHB Iván Miranda 0-0: Ball
1-0: Fly out, F8 (Flyball, 8RM)
Batting: RHB Justin Roberts 0-0: Called Strike
0-1: Ball
1-1: Ball
2-1: Ball
3-1: Foul Ball, location: 2F
3-2: Foul Ball, location: 2F
3-2: Foul Ball, location: 2F
3-2: Base on Balls
Batting: RHB Shawn Hicks 0-0: Called Strike
0-1: Ball
1-1: Called Strike
1-2: Strikes out swinging
Batting: RHB Sergio García 0-0: Ground out 5-3 (Groundball, 56S)
Top of the 4th over - 0 run(s), 0 hit(s), 0 error(s), 1 left on base; San Bernardino 1 - Virginia Beach 2
BOTTOM OF THE 4TH
Virginia Beach Deuces batting - Pitching for San Bernardino Grasshoppers : LHP Pedro Alejándrez
Batting: RHB Carl Carlson 0-0: Called Strike
0-1: Ball
1-1: Called Strike
1-2: Strikes out looking
Batting: RHB Joel Frazier 0-0: Ball
1-0: SINGLE (Line Drive, 7LS)
Batting: RHB Scott Miller 0-0: Ball
Joel Frazier is caught stealing 2nd base
1-0: SINGLE (Line Drive, 7S)
Batting: RHB Travis Brumback 0-0: Ball
1-0: Swinging Strike
1-1: Ground out 6-3 (Groundball, 6)
Bottom of the 4th over - 0 run(s), 2 hit(s), 0 error(s), 1 left on base; San Bernardino 1 - Virginia Beach 2
TOP OF THE 5TH
San Bernardino Grasshoppers batting - Pitching for Virginia Beach Deuces : RHP Ramón Vázquez
Batting: LHB Barton McCann 0-0: Ball
1-0: Called Strike
1-1: Ball
2-1: Ball
3-1: SINGLE (Line Drive, 9S)
Batting: RHB Reggie Kahn 0-0: Ball
Throwing error on steal attempt, E2
Barton McCann to third
1-0: SINGLE (Groundball, 56D)
Barton McCann scores
Batting: RHB Dave Nichols 0-0: SINGLE (Line Drive, 6MD)
Reggie Kahn to second
Batting: RHB Chris Smith 0-0: Ball
1-0: Ball
2-0: Ball
3-0: Called Strike
3-1: Grounds into double play, 5-4-3 (Groundball, 56)
Reggie Kahn to third
Batting: RHB Jason Weston 0-0: Ball
1-0: Ball
2-0: Ball
3-0: Called Strike
3-1: Foul Ball, location: 2F
3-2: Base on Balls
Batting: RHB Iván Miranda 0-0: SINGLE (Flyball, 9S)
Reggie Kahn scores
Jason Weston to second
Throwing error, E9
Jason Weston scores
Iván Miranda to second
Batting: RHB Justin Roberts 0-0: Swinging Strike
0-1: Ball
1-1: Foul Ball, location: 2F
1-2: Strikes out swinging
Top of the 5th over - 3 run(s), 4 hit(s), 2 error(s), 1 left on base; San Bernardino 4 - Virginia Beach 2
BOTTOM OF THE 5TH
Virginia Beach Deuces batting - Pitching for San Bernardino Grasshoppers : LHP Pedro Alejándrez
Batting: LHB Álex Burgos 0-0: Called Strike
0-1: Called Strike
0-2: Fly out, F8 (Flyball, 8RS)
Batting: SHB Daryl Lloyd 0-0: Foul Ball, location: 2F
0-1: Foul Ball, location: 2F
0-2: Strikes out looking
Batting: RHB Álex Escobar 0-0: Foul Ball, location: 2F
0-1: Ball
1-1: Reached on error, E5 (Groundball, 5)
Batting: RHB Armando Hernández 0-0: Called Strike
0-1: Called Strike
0-2: Ball
1-2: Fly out, F9 (Flyball, 9S)
Bottom of the 5th over - 0 run(s), 0 hit(s), 1 error(s), 1 left on base; San Bernardino 4 - Virginia Beach 2
TOP OF THE 6TH
San Bernardino Grasshoppers batting - Pitching for Virginia Beach Deuces : RHP Ramón Vázquez
Batting: RHB Shawn Hicks 0-0: Swinging Strike
0-1: Ball
1-1: Hit by Pitch
Pitching: RHP Brent Riley
Batting: RHB Sergio García 0-0: Ball
1-0: Foul Ball, location: 2F
1-1: Ball
2-1: Ball
3-1: Swinging Strike
3-2: Strikes out swinging
Shawn Hicks steals 2nd base
Batter strikes out.
Batting: LHB Barton McCann 0-0: Called Strike
0-1: Ball
1-1: Ball
2-1: Foul Ball, location: 2F
2-2: Strikes out swinging
Batting: RHB Reggie Kahn 0-0: Ball
1-0: Fly out, F7 (Flyball, 7D)
Top of the 6th over - 0 run(s), 0 hit(s), 0 error(s), 1 left on base; San Bernardino 4 - Virginia Beach 2
BOTTOM OF THE 6TH
Virginia Beach Deuces batting - Pitching for San Bernardino Grasshoppers : LHP Pedro Alejándrez
Batting: RHB Orlando Sánchez 0-0: Ball
1-0: Ball
2-0: Ball
3-0: Called Strike
3-1: Called Strike
3-2: Base on Balls
Pitching: RHP Héctor Amaya
Batting: RHB Carl Carlson 0-0: Ball
1-0: Ball
Wild Pitch!
Orlando Sánchez to second
2-0: Ball
3-0: Called Strike
3-1: Base on Balls
Batting: RHB Joel Frazier 0-0: Fly out, F9 (Flyball, 9S)
Batting: RHB Scott Miller 0-0: Ball
1-0: Ball
2-0: Ball
3-0: Called Strike
3-1: Base on Balls
Orlando Sánchez to third
Carl Carlson to second
Batting: RHB Travis Brumback 0-0: Ball
1-0: Ball
2-0: Foul Ball, location: 2F
2-1: Ball
3-1: Swinging Strike
3-2: Foul Ball, location: 2F
3-2: Reached on error, E4 (Groundball, 4)
Orlando Sánchez scores
Carl Carlson to third
Scott Miller to second
Batting: LHB Álex Burgos 0-0: Foul Ball, location: 2F
0-1: GRAND SLAM HOME RUN (Flyball, 9LD), Distance : 363 ft
Pitching: RHP Richard Brown
Batting: SHB Daryl Lloyd 0-0: Called Strike
0-1: Ball
1-1: Foul Ball, location: 2F
1-2: Ball
2-2: Ball
3-2: Foul Ball, location: 2F
3-2: Foul Ball, location: 2F
3-2: Strikes out swinging
Batting: RHB Álex Escobar 0-0: Called Strike
0-1: Called Strike
0-2: SINGLE (Line Drive, 7S)
Batting: RHB Armando Hernández 0-0: Called Strike
0-1: Ball
1-1: Called Strike
1-2: Ball
2-2: Strikes out swinging
Bottom of the 6th over - 5 run(s), 2 hit(s), 1 error(s), 1 left on base; San Bernardino 4 - Virginia Beach 7
TOP OF THE 7TH
San Bernardino Grasshoppers batting - Pitching for Virginia Beach Deuces : RHP Brent Riley
Batting: RHB Dave Nichols 0-0: Ball
1-0: Foul Ball, location: 2F
1-1: Swinging Strike
1-2: Ball
2-2: Ball
3-2: Base on Balls
Batting: RHB Chris Smith 0-0: Grounds into double play, 6-4-3 (Groundball, 6M)
Batting: RHB Jason Weston 0-0: Ball
1-0: Ball
2-0: Ball
3-0: Called Strike
3-1: Foul Ball, location: 2F
3-2: Foul Ball, location: 2F
3-2: Ground out 4-3 (Groundball, 4M)
Top of the 7th over - 0 run(s), 0 hit(s), 0 error(s), 0 left on base; San Bernardino 4 - Virginia Beach 7
BOTTOM OF THE 7TH
Virginia Beach Deuces batting - Pitching for San Bernardino Grasshoppers : RHP Richard Brown
Batting: RHB Orlando Sánchez 0-0: Called Strike
0-1: Ball
1-1: Swinging Strike
1-2: Strikes out swinging
Batting: RHB Carl Carlson 0-0: Ball
1-0: Called Strike
1-1: Ball
2-1: Foul Ball, location: 2F
2-2: Ground out 6-3 (Groundball, 56)
Batting: RHB Joel Frazier 0-0: Ball
1-0: Ball
2-0: Called Strike
2-1: Ball
3-1: Base on Balls
Batting: RHB Scott Miller 0-0: Foul Ball, location: 2F
0-1: Ball
1-1: Fly out, F8 (Line Drive, 8RM)
Bottom of the 7th over - 0 run(s), 0 hit(s), 0 error(s), 1 left on base; San Bernardino 4 - Virginia Beach 7
TOP OF THE 8TH
San Bernardino Grasshoppers batting - Pitching for Virginia Beach Deuces : RHP Brent Riley
Pitching: RHP Robinson Gonzáles
Now at 1B: Juan Alvarado
Now in RF: Héctor Camacho
Batting: RHB Iván Miranda 0-0: Called Strike
0-1: SINGLE (Groundball, 34S) (infield hit)
Batting: RHB Justin Roberts 0-0: Ball
1-0: Foul Ball, location: 2F
1-1: Foul Ball, location: 2F
1-2: Ball
2-2: Strikes out swinging
Batting: RHB Shawn Hicks 0-0: Ball
1-0: Ball
2-0: Foul Ball, location: 2F
2-1: Fielders Choice at 2nd, 6-4 (Groundball, 6M)
Batting: RHB Sergio García 0-0: Called Strike
0-1: Called Strike
0-2: Ball
1-2: Ball
2-2: Strikes out swinging
Top of the 8th over - 0 run(s), 1 hit(s), 0 error(s), 1 left on base; San Bernardino 4 - Virginia Beach 7
BOTTOM OF THE 8TH
Virginia Beach Deuces batting - Pitching for San Bernardino Grasshoppers : RHP Richard Brown
Batting: RHB Travis Brumback 0-0: Ball
1-0: Ground out 5-3 (Groundball, 5L)
Pitching: RHP José Gutiérrez
Batting: LHB Álex Burgos 0-0: Ball
1-0: Ball
2-0: Called Strike
2-1: Ball
3-1: SOLO HOME RUN (Flyball, 9D), Distance : 389 ft
Batting: SHB Daryl Lloyd 0-0: Ball
1-0: Swinging Strike
1-1: Reached on Error, E7 (Flyball, 7LM)
Batting: RHB Álex Escobar 0-0: Called Strike
0-1: Swinging Strike
0-2: Foul Ball, location: 2F
0-2: Fly out, F9 (Flyball, 9M)
Batting: RHB Héctor Camacho 0-0: Called Strike
0-1: Ball
1-1: SINGLE (Groundball, 34)
Daryl Lloyd to second
Runner from 2nd tries for 3rd, OUT!
Bottom of the 8th over - 1 run(s), 2 hit(s), 1 error(s), 1 left on base; San Bernardino 4 - Virginia Beach 8
TOP OF THE 9TH
San Bernardino Grasshoppers batting - Pitching for Virginia Beach Deuces : RHP Robinson Gonzáles
Batting: LHB Barton McCann 0-0: Ball
1-0: Ball
2-0: Called Strike
2-1: Foul Ball, location: 2F
2-2: SINGLE (Flyball, 7S)
Batting: RHB Reggie Kahn 0-0: Ball
1-0: Swinging Strike
1-1: Foul Ball, location: 2F
1-2: Ball
2-2: Ball
3-2: Base on Balls
Barton McCann to second
Pitching: RHP John Bailey
Batting: RHB Dave Nichols 0-0: Foul Ball, location: 2F
0-1: Foul Ball, location: 2F
0-2: Strikes out swinging
Batting: RHB Chris Smith 0-0: Called Strike
0-1: Fly out, F3 (Popup, 4)
Batting: RHB Jason Weston 0-0: Ball
1-0: Foul Ball, location: 2F
1-1: Foul Ball, location: 2F
1-2: Ball
2-2: Ball
3-2: Foul Ball, location: 2F
3-2: Foul Ball, location: 2F
3-2: Base on Balls
Barton McCann to third
Reggie Kahn to second
Pinch Hitting: RHB Jim Unknown 0-0: Ball
1-0: Foul Ball, location: 2F
1-1: Ball
2-1: Called Strike
2-2: Foul Ball, location: 2F
2-2: SINGLE (Line Drive, 3D)
Barton McCann scores
Reggie Kahn to third
Jason Weston to second
Runner from 3rd tries for Home, SAFE, no throw or cutoff
Pinch Hitting: LHB Jim Unknown 0-0: Ball
1-0: Foul Ball, location: 2F
1-1: Ball
2-1: Foul Ball, location: 2F
2-2: Fly out, F7 (Flyball, 7M)
Top of the 9th over - 2 run(s), 2 hit(s), 0 error(s), 2 left on base; San Bernardino 6 - Virginia Beach 8
This league is powered by Out of the Park Baseball, the baseball management simulation game for PC, Mac and Linux
Monday, May 4th, 2015 - OOTP Baseball 15.6 Build 34